 Dungeon Crawl Stone Soup version 0.28-a0-1567-g1695149f81 (webtiles) character file.

Game seed: 1235888794355593373

1 croobank the Insei (level 1, 0/13 HPs)
             Began as an Octopode Transmuter on Jan 19, 2022.
             Slain by a ball python (1 damage)
             ... on level 1 of the Dungeon.
             The game lasted 00:00:58 (26 turns).

croobank the Insei (Octopode Transmuter)              Turns: 26, Time: 00:00:58

Health: 0/13       AC:  1    Str:  9    XL:     1   Next: 20%
Magic:  2/3        EV: 10    Int: 15    God:
Gold:   0          SH:  0    Dex: 12    Spells: 3/4 levels left

rFire   . . .      SeeInvis .   a - +2 mace (holy)
rCold   . . .      Faith    .   (no shield)
rNeg    . . .      Spirit   .   (helmet currently unavailable)
rPois   .          Reflect  .   (no amulet)
rElec   .          Harm     .   (no ring)
rCorr   .          Rampage  .   (no ring)
Will    .....                   (no ring)
Stlth   ++........              (no ring)
HPRegen 0.04/turn               (no ring)
MPRegen 0.08/turn               (no ring)
                                (no ring)
                                (no ring)

@: appendages, constricted
A: tentacle spike 3, almost no armour, amphibious, 8 rings, camouflage 1,
gelatinous body 1, (nimble swimmer 1), tentacles
a: End Transformation


You were on level 1 of the Dungeon.
One of your tentacles had grown a beastly spike.
You visited 1 branch of the dungeon, and saw 1 of its levels.

Inventory:

Hand Weapons
 a - a +2 mace of holy wrath (weapon)


   Skills:
 + Level 1.0 Fighting
 + Level 0.0 Maces & Flails
 + Level 2.0 Dodging
 - Level 3.0 Unarmed Combat
 + Level 2.0 Spellcasting
 + Level 2.0 Transmutations


You had 3 spell levels left.
You knew the following spells:

 Your Spells              Type           Power      Damage    Failure   Level
a - Beastly Appendage     Tmut           14%        N/A       10%         1

Your spell library contained the following spells:

 Spells                   Type           Power      Damage    Failure   Level
 Wereblood                Tmut           7%         N/A       14%         2
 Spider Form              Tmut/Pois      4%         N/A       41%         3
 Ice Form                 Ice/Tmut       4%         N/A       82%         4


Dungeon Overview and Level Annotations

Branches:
Dungeon (1/15)

Altars:


Innate Abilities, Weirdness & Mutations

One of your tentacles has grown a beastly spike.
You cannot wear most types of armour.
You are amphibious.
You can wear up to eight rings at the same time.
Your skin changes colour to match your surroundings (Stealth+).
Your rubbery body absorbs attacks. (AC +1, EV +1)
((You are camouflaged when in or above water. (Stealth+)))
You have tentacles for arms and can constrict up to eight enemies at once.


Message History

Your transformation is almost over.
A ball python comes into view.
The ball python hisses angrily.
Found a stone staircase leading down.
You barely miss the rat. Your grab misses the rat.
Your tentacle spike misses the rat.
You tentacle-slap the rat, but do no damage.
The rat barely misses you. The rat bites you but does no damage.
You hit the rat.
You kill the rat!
The rat closely misses you. The ball python closely misses you.
The ball python misses you.
You closely miss the rat. Your grab misses the rat.
Your squeeze misses the rat. The ball python bites you.
The ball python closely misses you. The rat misses you.
You barely miss the rat. Your grab misses the rat. The ball python bites you.
The ball python grabs you. The ball python constricts you.
The rat bites you but does no damage. The ball python bites you.
The ball python constricts you. The rat bites you but does no damage.
You closely miss the rat. Your grab misses the rat.
Your tentacle spike disappears.
The ball python bites you. The ball python constricts you.
The rat barely misses you. The ball python closely misses you.
The ball python constricts you.
You hit the rat. You grab the rat. Your squeeze misses the rat.
The rat is severely wounded.
You constrict the rat.
You kill the rat!
The ball python bites you. The ball python constricts you.
* * * LOW HITPOINT WARNING * * *
Casting: Beastly Appendage (safe; 10% risk of failure)
Confirm with . or Enter, or press ? or * to list all spells.
One of your tentacles grows a vicious spike.
The ball python misses you. The ball python constricts you.
* * * LOW HITPOINT WARNING * * *
The ball python closely misses you. The ball python constricts you.
* * * LOW HITPOINT WARNING * * *
You closely miss the ball python. You grab the ball python.
You constrict the ball python. The ball python bites you.
You die...

#.##'###+##
#.#≈.≈≈≈.≈#
#.#≈≈.§§≈§#
####.#≈≈.§.§≈#..
#......≈.<.≈§§..
#####.#.#§§...≈§#..
#.......#≈≈.≈.≈≈# .
#.......#≈.≈≈≈.≈#
#.@.....##+###+##
#.†S.......
#...........
.........#..
#.....)...#..
#.........#
#.........#
#.........>


You could see a ball python.

Vanquished Creatures
  2 rats (D:1)
2 creatures vanquished.

Notes
Turn   | Place    | Note
-------+----------+-------------------------------------------
     0 | D:1      | croobank the Octopode Transmuter began the quest for the
                  | Orb.
     0 | D:1      | Reached XP level 1. HP: 13/13 MP: 3/3
    26 | D:1      | Slain by a ball python

Illustrated notes

Levels and vault maps discovered:
D:1:      ncdulo_lavacross, layout_rooms

Action                   || total
-------------------------++-------
Melee: Mace              ||     7
       Constrict         ||     2
       Punch             ||     1
 Cast: Beastly Appendage ||     2
Armor: Skin              ||     3
Dodge: Dodged            ||    10

Table legend: (Time is in decaauts)
 A = Elapsed time spent in this place.
 B = Non-inter-level travel time spent in this place.
 C = Inter-level travel time spent in this place.
 D = Time resting spent in this place.
 E = Time spent auto-exploring this place.
 F = Levels seen in this place.
 G = Mean time per level.
                   A        B        C        D        E       F      G
               +--------+--------+--------+--------+--------+-----+--------+
         Total |     27 |     27 |      0 |      0 |      0 |   1 |   27.0 |
       Dungeon |     27 |     27 |      0 |      0 |      0 |   1 |   27.0 |
               +--------+--------+--------+--------+--------+-----+--------+

Top non-repeatable levels by time:
     D:1: 27 daAuts
